 Dungeon Crawl Stone Soup version 0.25-a0-496-g8c4878dea3 (webtiles) character file.

Game seed: 15568772287036549337, levelgen mode: deterministic

16557 ICC the Blocker (level 12, -4/56 HPs)
             Began as a Vine Stalker Fighter on Feb 12, 2020.
             Was a High Priest of Okawaru.
             Slain by an unseen horror (6 damage)
             ... on level 11 of the Dungeon.
             The game lasted 00:37:22 (8405 turns).

ICC the Blocker (Vine Stalker Fighter)              Turns: 8405, Time: 00:37:23

Health: -4/56      AC:  9    Str: 26    XL:     12   Next: 38%
Magic:  0/25       EV: 15    Int: 12    God:    Okawaru [*****.]
Gold:   183        SH: 22    Dex: 18    Spells: 24/27 levels left

rFire    + . .     SeeInvis .   S - +6 quick blade
rCold    + . .     Gourm    .   c - +0 kite shield
rNeg     . . .     Faith    .   l - +1 ring mail {MR+}
rPois    .         Spirit   +   m - +0 helmet
rElec    .         Reflect  +   g - +0 cloak
rCorr    .         Harm     .   B - +0 pair of gloves
MR       ++...                  (no boots)
Stlth    ++........             Q - brooch of Shielding {Reflect SH+8}
HPRegen  0.98/turn              P - ring of protection from cold
MPRegen  0.19/turn              y - ring of protection from fire

@: mighty, agile, very slightly contaminated, slowed, invisible, very slow
A: fangs 3, regeneration 2, magic shield, antimagic bite, no potion heal 3, rot
immunity
a: Heroism, Finesse, Renounce Religion


You were on level 11 of the Dungeon.
You worshipped Okawaru.
Okawaru was extremely pleased with you.
You were not hungry.

You visited 2 branches of the dungeon, and saw 12 of its levels.

You collected 595 gold pieces.
You spent 412 gold pieces at shops.

Inventory:

Hand Weapons
 a - the +5 dagger of Qikh {flame, rElec rPois MR+}
   (You found it on level 6 of the Dungeon)

   It has been specially enchanted to burn those struck by it, causing extra
   injury to most foes and up to half again as much damage against particularly
   susceptible opponents.
   It insulates you from electricity.
   It protects you from poison.
   It affects your resistance to hostile enchantments.
 S - a +6 quick blade (weapon)
Missiles
 D - 15 boomerangs (quivered)
 F - 10 poisoned darts
 I - 8 javelins
Armour
 c - a +0 kite shield (worn)
 e - a +0 leather armour of cold resistance
 g - a +0 cloak (worn)
 l - a +1 ring mail of magic resistance (worn)
 m - a +0 helmet (worn)
 B - a +0 pair of gloves (worn)
 E - the +0 leather armour of Ameamurch {rN+++ MP-9 Stlth+}
   (You bought it in a shop on level 7 of the Dungeon)

   It renders you almost immune to negative energy.
   It affects your magic capacity (-9).
   It makes you more stealthy.
   If you switch to wearing this armour, your AC will decrease by 3 (9 -> 6).
Jewellery
 b - a +5 ring of strength
 y - a ring of protection from fire (right hand)
 P - a ring of protection from cold (left hand)
 Q - the brooch of Shielding (around neck) {Reflect SH+8}
   (You found it on level 10 of the Dungeon)

   [amulet of reflection]

   It shields you and reflects attacks.
   It affects your SH (+8).
Wands
 H - a wand of clouds (3)
 L - a wand of iceblast (13)
 M - a wand of acid (11)
 O - a wand of scattershot (4)
Scrolls
 h - 4 scrolls of enchant weapon {unknown}
 i - 2 scrolls of random uselessness {unknown}
 k - 4 scrolls of amnesia {unknown}
 n - 2 scrolls of fear {unknown}
 o - 2 scrolls of enchant armour {unknown}
 p - 3 scrolls of magic mapping {unknown}
 v - 4 scrolls of remove curse
 w - 2 scrolls of immolation {unknown}
 x - 3 scrolls of teleportation {unknown}
 z - 2 scrolls of noise {unknown}
 A - 2 scrolls of fog {unknown}
 K - a scroll of torment {unknown}
 N - a scroll of blinking {unknown}
 T - a scroll of vulnerability
Potions
 d - a potion of might
 q - 3 potions of agility
 s - 2 potions of invisibility
 t - 6 potions of curing
 u - 2 potions of mutation
 C - a potion of lignification
 G - 4 potions of brilliance
 J - a potion of resistance
 R - a potion of flight
Comestibles
 f - 24 rations
 j - 4 chunks of flesh


   Skills:
 - Level 3.0 Fighting
 - Level 10.0 Short Blades
 - Level 6.0 Throwing
 - Level 2.4 Armour
 + Level 12.0 Shields
 - Level 8.1 Spellcasting


You had 24 spell levels left.
You knew the following spells:

 Your Spells              Type           Power        Failure   Level  Hunger
a - Confusing Touch       Hex            #.......     67%         3    ##.....

Your spell library contained the following spells:

 Spells                   Type           Power        Failure   Level  Hunger
 Gell's Gravitas          Tloc           #.........   67%         3    ##.....
 Petrify                  Tmut/Erth      #.......     97%         4    ####...
 Metabolic Englaciation   Hex/Ice        #.........   100%        5    ######.
 Yara's Violent Unravell  Hex/Tmut       #.........   100%        5    ######.


Dungeon Overview and Level Annotations

Branches:
Dungeon (11/15)            Temple (1/1) D:5            Lair (0/6) D:8
    Orc: D:9-12

Altars:
Ashenzari
Cheibriados
Dithmenos
Elyvilon
Fedhas
Gozag
Hepliaklqana
Kikubaaqudgha
Makhleb
Nemelex Xobeh
Okawaru
Qazlal
Ru
Sif Muna
Trog
Uskayaw
Vehumet
Wu Jian
Xom
Yredelemnul
Zin
The Shining One

Shops:
D:7 :*

Annotations:
D:11 1 transporter


Innate Abilities, Weirdness & Mutations

You have razor-sharp teeth.
You heal very quickly.
When hurt, damage is shared between your health and your magic reserves.
Your bite disrupts and absorbs the magic of your enemies.
Potions cannot restore your health.
You are immune to rotting.


Message History

The skeletal warrior is lightly damaged.
Something hits you.
* * * LOW HITPOINT WARNING * * *
The wraith barely misses you.
You hit the skeletal warrior but do no damage.
Your bite misses the skeletal warrior.
The skeletal warrior is lightly damaged.
Something hits you. The skeletal warrior barely misses you.
You impale the skeletal warrior!! Your bite misses the skeletal warrior.
The skeletal warrior is heavily damaged.
Something hits you.
* * * LOW HITPOINT WARNING * * *
You block the wraith's attack.
You strike the helpless skeletal warrior from behind!
You impale the skeletal warrior!!
You destroy the skeletal warrior!
Okawaru accepts your kill.
Your Shields skill increases to level 12!
Something hits you!
You die...

....S{..#p..#lW##>##
##.....
...###.###.###.##.##
#..... #.
###...##..####....# #.
##.###.##.###.#..#..
#..#...#p.#..#...))####
#........###.......(...
#..##..#####...........
#. #.)W###.......((...
#[@##....(.........
#.......#....(((.......
....##......(##.........
#.. ##....#............
#. #..#####......(...
...# #....###... #..#
#.)...#.... ....
#........## .........##


You could see a wraith.

Vanquished Creatures
  A hydra (D:11)
  A death knight (D:11)
  A skeletal warrior (D:11)
  Pikel (D:6)
  A phantasmal warrior (D:11)
  An ugly thing (D:11)
  Psyche (D:8)
  3 trolls
  Prince Ribbit (D:7)
  The ghost of hewge1 the Magician, an amateur DEVM (D:4)
  Sigmund (D:6)
  2 wraiths
  A spriggan (D:8)
  2 hungry ghosts
  A water moccasin (D:6)
  2 orc warriors
  A hornet zombie (D:10)
  2 ice beasts (D:10)
  A sky beast (D:10)
  A phantom (D:5)
  2 ogres
  5 centaurs
  A crocodile (D:10)
  A big kobold (D:11)
  5 bullfrogs
  A wyvern zombie (D:11)
  A scorpion (D:8)
  15 killer bees
  3 howler monkeys
  11 wights
  A crimson imp (D:6)
  A bullfrog zombie (D:11)
  2 centaur zombies
  5 hounds
  2 orc priests
  A gnoll shaman (D:7)
  3 jellies
  11 orc wizards
  Jessica (D:2)
  6 iguanas
  12 worker ants
  A killer bee zombie (D:5)
  3 hound zombies
  3 hound skeletons
  4 worker ant zombies
  Robin (D:2)
  8 gnolls
  A howler monkey skeleton (D:4)
  8 adders
  2 shadow imps
  An adder zombie (D:5)
  2 oozes
  An adder skeleton (D:6)
  3 worms
  2 dart slugs (D:3)
  4 leopard geckos
  32 orcs
  2 ball pythons
  3 bats
  4 giant cockroaches
  17 goblins
  9 hobgoblins
  16 jackals
  4 quokkas
  6 frilled lizards
  A jackal skeleton (D:9)
  12 kobolds
  A leopard gecko zombie (D:7)
  3 rats
270 creatures vanquished.

Vanquished Creatures (others)
  A bullfrog zombie (D:6)
  A jelly (D:6)
  A hound (D:6)
3 creatures vanquished.

Grand Total: 273 creatures vanquished

Notes
Turn   | Place    | Note
-------+----------+-------------------------------------------
     0 | D:1      | ICC the Vine Stalker Fighter began the quest for the Orb.
     0 | D:1      | Reached XP level 1. HP: 11/11 MP: 2/2
    26 | D:1      | Reached XP level 2. HP: 9/16 MP: 2/4
   147 | D:1      | Reached skill level 1 in Spellcasting
   534 | D:1      | Reached XP level 3. HP: 20/20 MP: 6/6
   660 | D:2      | Noticed Robin
   700 | D:2      | Killed Robin
   700 | D:2      | Reached skill level 3 in Shields
   714 | D:2      | Gained mutation: Your natural rate of healing is unusually
                  | fast. [Vine Stalker growth]
   714 | D:2      | Reached XP level 4. HP: 9/24 MP: 7/7
   818 | D:2      | Noticed Jessica
   832 | D:2      | Killed Jessica
  1409 | D:3      | Reached XP level 5. HP: 28/28 MP: 9/9
  1514 | D:3      | Found a sacrificial altar of Ru.
  1780 | D:4      | Found a runed translucent gate.
  1780 | D:4      | Found a runed translucent gate.
  1780 | D:4      | Found a runed translucent gate.
  1825 | D:4      | Reached XP level 6. HP: 29/32 MP: 11/11
  1844 | D:4      | Noticed hewge1's ghost (amateur DEVM)
  2349 | D:5      | Entered Level 5 of the Dungeon
  2529 | D:5      | Noticed a phantom
  2573 | D:5      | Killed a phantom
  2573 | D:5      | Reached XP level 7. HP: 36/36 MP: 14/14
  2625 | D:5      | Reached skill level 4 in Shields
  2907 | D:5      | Reached skill level 5 in Short Blades
  3035 | D:5      | Reached skill level 5 in Spellcasting
  3217 | D:5      | Found a staircase to the Ecumenical Temple.
  3225 | Temple   | Entered the Ecumenical Temple
  3272 | Temple   | Became a worshipper of Warmaster Okawaru
  3624 | D:6      | Gained mutation: You have razor-sharp teeth. [Vine Stalker
                  | growth]
  3624 | D:6      | Reached XP level 8. HP: 40/40 MP: 16/16
  3677 | D:6      | Noticed Sigmund
  3691 | D:6      | Killed Sigmund
  3762 | D:6      | Got a dazzling dagger
  3762 | D:6      | Identified the +5 dagger of Qikh {flame, rElec rPois MR+}
                  | (You found it on level 6 of the Dungeon)
  3882 | D:6      | Reached * piety under Okawaru
  3941 | D:6      | Reached skill level 5 in Shields
  3969 | D:6      | Noticed Pikel
  4003 | D:6      | Killed Pikel
  4003 | D:6      | Reached ** piety under Okawaru
  4003 | D:6      | Reached XP level 9. HP: 40/44 MP: 18/20
  4180 | D:6      | Found a burning altar of Makhleb.
  4464 | D:7      | Found Cifoid's Assorted Antiques.
  4467 | D:7      | Bought a grey potion for 19 gold pieces
  4467 | D:7      | Bought a scroll labeled YNGUPEB ETHEC for 22 gold pieces
  4467 | D:7      | Bought a scroll labeled ZYRAIF BEVAHEE for 22 gold pieces
  4467 | D:7      | Bought a scroll labeled ELORENE LIMOME for 22 gold pieces
  4467 | D:7      | Bought a green potion for 19 gold pieces
  4472 | D:7      | Bought an ancient leather armour for 154 gold pieces
  4482 | D:7      | Identified the +1 leather armour of Tender Moments {rC+}
                  | (You bought it in a shop on level 7 of the Dungeon)
  4577 | D:4      | Killed hewge1's ghost
  4647 | D:7      | Found Dablitas's Book Shop.
  4647 | D:7      | Noticed Prince Ribbit
  4790 | D:7      | Reached *** piety under Okawaru
  4861 | D:7      | Found a shimmering altar of Xom.
  5043 | D:7      | Killed Prince Ribbit
  5291 | D:7      | Reached skill level 6 in Shields
  5446 | D:8      | Reached skill level 1 in Throwing
  5466 | D:8      | Noticed Psyche
  5505 | D:8      | Killed Psyche
  5505 | D:8      | Reached **** piety under Okawaru
  5505 | D:8      | Reached XP level 10. HP: 34/49 MP: 16/23
  5742 | D:8      | Found a shadowy altar of Dithmenos.
  5987 | D:8      | Found a staircase to the Lair.
  6487 | D:9      | Found a hazy altar of Hepliaklqana.
  6489 | D:9      | Found a basalt altar of Yredelemnul.
  6489 | D:9      | Found a hide-covered altar of Uskayaw.
  6492 | D:9      | Found an ornate altar of the Wu Jian Council.
  6992 | D:10     | Entered Level 10 of the Dungeon
  7015 | D:10     | Found the brooch of Shielding {Reflect SH+8}
  7075 | D:10     | Reached ***** piety under Okawaru
  7158 | D:10     | Reached skill level 7 in Shields
  7361 | D:7      | Bought a spiked leather armour for 154 gold pieces
  7371 | D:7      | Identified the cursed +0 leather armour of Ameamurch {rN+++
                  | MP-9 Stlth+} (You bought it in a shop on level 7 of the
                  | Dungeon)
  7626 | D:10     | Received a gift from Okawaru
  7725 | D:10     | Reached XP level 11. HP: 51/52 MP: 24/24
  7749 | D:10     | Reached skill level 10 in Short Blades
  7798 | D:10     | Reached skill level 11 in Shields
  7798 | D:10     | Gained mutation: You heal very quickly. [Vine Stalker
                  | growth]
  7798 | D:10     | Reached XP level 12. HP: 56/56 MP: 25/25
  7803 | D:10     | Learned a level 3 spell: Confusing Touch
  8097 | D:11     | Found a transporter.
  8126 | D:11     | Reached skill level 5 in Throwing
  8253 | D:11     | Noticed a five-headed hydra
  8270 | D:11     | Killed a five-headed hydra
  8331 | D:11     | Noticed a death knight
  8398 | D:11     | Killed a death knight
  8398 | D:11     | Received a gift from Okawaru
  8404 | D:11     | HP: 1/56 [something (3)]
  8405 | D:11     | Reached skill level 12 in Shields
  8405 | D:11     | Slain by an unseen horror

Levels and vault maps discovered:
D:1:      dpeg_arrival_simpleton_c, layout_loops_ring
D:2:      layout_basic, uniq_jessica, uniq_robin
D:3:      layout_loops_ring, minmay_misc_feat_tiny, hangedman_ru_absence
D:4:      layout_rooms, gammafunk_ghost_necromancy
D:5:      minmay_angry_zag, layout_basic, minmay_temple_entry_gardened_gates,
          first_ration
D:6:      layout_loops_ring, nicolae_sextant, makhleb_heckhound_becter,
          uniq_sigmund, uniq_pikel
D:7:      layout_loops_ring, nicolae_overflow_hidden_temple, serial_shops, shop,
          kennysheep_mini, uniq_prince_ribbit1
D:8:      kennysheep_spiral_hall, layout_loops_ring,
          grunt_dithmenos_smoke_and_mirrors, lair_entry_dummy, the_bakery,
          uniq_psyche
D:9:      layout_basic, minitemple, chequers_decorated_corner
D:10:     layout_roguey
D:11:     gammafunk_corrupted_shrine, layout_cave_pools, minmay_between
Temple:   kb_temple_of_zot

Skill      XL: |  1  2  3  4  5  6  7  8  9 10 11 12 |
---------------+-------------------------------------+-----
Short Blades   | 2 3 4 5 6 8 9 10 | 10.0
Spellcasting   | 1 2 3 4 5 7 8 |  8.1
Fighting       | 3 |  3.0
Shields        | 3 4 5 6 7 11 12 | 12.0
Throwing       | 2 4 6 |  6.0
Armour         | |  2.4

Action                   |  1- 3 |  4- 6 |  7- 9 | 10-12 || total
-------------------------+-------+-------+-------+-------++-------
Melee: Rapier            |    98 |   225 |   101 |       ||   424
       Bite              |    23 |    72 |   115 |   160 ||   370
       Dagger            |       |       |   227 |   213 ||   440
       Short sword       |       |       |    13 |       ||    13
       Quick blade       |       |       |       |   242 ||   242
Throw: Stone             |     9 |    13 |       |       ||    22
       Boomerang         |       |       |    11 |     9 ||    20
       Dart              |       |       |    16 |     5 ||    21
       Javelin           |       |       |       |     4 ||     4
Invok: Heroism           |       |       |       |     2 ||     2
Evoke: Wand              |       |       |     2 |       ||     2
  Use: Scroll            |       |       |       |    10 ||    10
       Potion            |       |       |       |     4 ||     4
 Stab: Invisible         |       |       |       |     4 ||     4
  Eat: Chunk             |       |     5 |    10 |     9 ||    24
       Ration            |       |       |       |     1 ||     1
Armor: Scale mail        |    13 |       |       |       ||    13
       Ring mail         |    11 |    81 |    79 |    60 ||   231
Dodge: Dodged            |    23 |    76 |    56 |    46 ||   201
Block: Kite shield       |    46 |   110 |   118 |   213 ||   487
       Reflection        |       |       |       |    14 ||    14

Table legend:
 A = Non-vault XP
 B = Vault XP
 C = Vault XP percentage of total XP
 D = Non-vault monster count
 E = Vault monster count
 F = Vault count percentage of total count
                 A         B        C        D         E       F
            +---------+---------+-------+---------+---------+-------
      Total |   12004 |    2424 |  16.8 |     241 |      29 |  10.7
            +---------+---------+-------+---------+---------+-------
        D:1 |      36 |       0 |   0.0 |      21 |       0 |   0.0
        D:2 |      22 |      75 |  77.3 |      10 |      14 |  58.3
        D:3 |     116 |       0 |   0.0 |      21 |       0 |   0.0
        D:4 |     268 |     275 |  50.6 |      25 |       4 |  13.8
        D:5 |     598 |      13 |   2.1 |      26 |       1 |   3.7
        D:6 |     928 |     924 |  49.9 |      21 |       3 |  12.5
        D:7 |     545 |     277 |  33.7 |      20 |       1 |   4.8
        D:8 |     683 |     776 |  53.2 |      13 |       5 |  27.8
        D:9 |     945 |       0 |   0.0 |      15 |       0 |   0.0
       D:10 |    2912 |       0 |   0.0 |      34 |       0 |   0.0
       D:11 |    4951 |      84 |   1.7 |      35 |       1 |   2.8
            +---------+---------+-------+---------+---------+-------
